 Dungeon Crawl Stone Soup version 0.29.1-13-g9f3cf754e1 (webtiles) character file.

Game seed: 14331096795386581897

895 croobank the Covert (level 8, -1/54 HPs)
             Began as an Octopode Delver on Feb 11, 2023.
             Was an Initiate of Gozag.
             Succumbed to a water moccasin's poison
             ... on level 5 of the Dungeon.
             The game lasted 00:18:15 (7549 turns).

croobank the Covert (Octopode Delver)               Turns: 7549, Time: 00:18:15

Health: -1/54      AC:  2    Str: 12    XL:     8   Next: 6%
Magic:  6/11       EV: 14    Int: 14    God:    Gozag
Gold:   339        SH:  0    Dex: 13    Spells: 3/11 levels left

rFire   . . .      SeeInvis +   j - +2 quarterstaff
rCold   . . .      Faith    .   (shield currently unavailable)
rNeg    . . .      Spirit   .   A - +1 hat
rPois   .          Reflect  .   (no amulet)
rElec   .          Harm     .   u - ring of see invisible
rCorr   .          Rampage  .   (no ring)
Will    .....                   (no ring)
Stlth   +++++.....              (no ring)
HPRegen 0.18/turn               (no ring)
MPRegen 0.12/turn               (no ring)
                                (no ring)
                                (no ring)

@: mighty, lethally poisoned (-1 -> -13), gold aura
A: almost no armour, amphibious, 8 rings, camouflage 1, gelatinous body 1,
(nimble swimmer 1), tentacles
a: Renounce Religion, Potion Petition, Call Merchant, Bribe Branch


You were on level 5 of the Dungeon.
You worshipped Gozag.
Gozag was aware of your devotion.
You visited 2 branches of the dungeon, and saw 7 of its levels.

You collected 503 gold pieces.
You paid 164 gold pieces to Gozag.

Inventory:

Hand Weapons
 a - a +0 hand axe
 h - a +0 vorpal shortbow
 j - a +2 quarterstaff (weapon)
 n - a +0 war axe
 p - a +0 dagger
 s - a +0 sling
Missiles
 k - 5 boomerangs (quivered)
 x - 5 curare-tipped darts
Armour
 m - a +0 kite shield
 A - a +1 hat (worn)
 B - a +0 kite shield
Magical Staves
 z - a staff of death
Jewellery
 u - a ring of see invisible (left tentacle)
 y - a ring of fire
Wands
 f - a wand of digging (3)
Scrolls
 b - 2 scrolls of fog
 c - a scroll of magic mapping
 g - 6 scrolls of teleportation
 i - 4 scrolls of amnesia
 t - 2 scrolls of identify
Potions
 e - a potion of haste
 l - 3 potions of brilliance
 r - 5 potions of mutation
 v - a potion of invisibility


   Skills:
 + Level 4.7 Fighting
 + Level 4.1 Axes
 + Level 4.0 Dodging
 + Level 8.3 Stealth
 + Level 2.4 Spellcasting
 + Level 2.1 Conjurations
 - Level 1.3 Hexes
 + Level 2.0 Fire Magic
 + Level 1.1 Poison Magic


You had 3 spell levels left.
You knew the following spells:

 Your Spells              Type           Power      Damage    Failure   Level
a - Tukima's Dance        Hex            5%         N/A       36%         3
b - Foxfire               Conj/Fire      28%        2x1d5     10%         1
c - Mephitic Cloud        Conj/Pois/Air  4%         N/A       41%         3
d - Magic Dart            Conj           28%        1d4       10%         1

Your spell library contained the following spells:

 Spells                   Type           Power      Damage    Failure   Level
 Conjure Flame            Conj/Fire      7%         6-21      28%         3
 Call Imp                 Summ           1%         N/A       34%         2
 Inner Flame              Hex/Fire       6%         N/A       34%         3
 Portal Projectile        Hex/Tloc       6%         N/A       45%         3
 Flame Wave               Conj/Fire      7%         2d5       67%         4
 Summon Lightning Spire   Summ/Air       1%         N/A       92%         4
 Blade Hands              Tmut           0%         N/A       99%         5
 Storm Form               Tmut/Air       0%         N/A       100%        7
 Maxwell's Capacitive Co  Air            0%         ∞         100%        8


Dungeon Overview and Level Annotations

Branches:
Dungeon (6/15)             Temple (1/1) D:4

Altars:
Cheibriados
Gozag
Kikubaaqudgha
Makhleb
Nemelex Xobeh
Okawaru
Qazlal
Ru
Sif Muna
Wu Jian
Xom
Yredelemnul
The Shining One

Annotations:
D:3 2 transporters


Innate Abilities, Weirdness & Mutations

You cannot wear most types of armour.
You are amphibious.
You can wear up to eight rings at the same time.
Your skin changes colour to match your surroundings (Stealth+).
Your rubbery body absorbs attacks. (AC +1, EV +1)
((You are camouflaged when in or above water. (Stealth+)))
You have tentacles for arms and can constrict up to eight enemies at once.


Message History

* * * LOW HITPOINT WARNING * * *
You are lethally poisoned!
The water moccasin poisons you!
You closely miss the water moccasin. You grab the water moccasin.
You constrict the water moccasin.
* * * LOW HITPOINT WARNING * * *
You feel very sick.
The foxfire hits the water moccasin.
The water moccasin is lightly wounded.
The foxfire hits the water moccasin.
The water moccasin is lightly wounded.
The water moccasin closely misses you. The water moccasin barely misses you.
You feel better.
You constrict the water moccasin. The water moccasin bites you.
* * * LOW HITPOINT WARNING * * *
You are lethally poisoned!
The water moccasin poisons you!
You feel better.
You constrict the water moccasin. The water moccasin closely misses you.
The water moccasin bites you.
* * * LOW HITPOINT WARNING * * *
You feel very mighty all of a sudden.
You constrict the water moccasin. The water moccasin closely misses you.
You sock the water moccasin!
The water moccasin is severely wounded.
You constrict the water moccasin. The water moccasin bites you.
* * * LOW HITPOINT WARNING * * *
You are lethally poisoned!
The water moccasin poisons you! The water moccasin bites you!
* * * LOW HITPOINT WARNING * * *
Press: ? - help, v - describe, . - travel The floor.
Unknown command.
Unknown command.
Casting: Foxfire (safe; 10% risk of failure)
Confirm with . or Enter, or press ? or * to list all spells.
Okay, then.
You barely miss the water moccasin. You squeeze the water moccasin!
You kill the water moccasin!
You die...
Your body crumbles into a pile of gold.

##################
#................#
#................#
#..#####..#####..#
#......#..#......#
#...@..#..#......#
##########$.#..#..#####
########....#......#..#...)..#
#.....##.####......#..#......#
#........# #..#####..#####..#
#......######w.....#..#......#
#..........##......#..#......#
#.....<....######..#..#.$#####
#..........# .....#..#......#


There were no monsters in sight!

Vanquished Creatures
  A water moccasin (D:5)
  A phantom (D:5)
  A centaur (D:5)
  3 scorpions (D:4)
  2 jellies
  An orc priest (D:4)
  4 hounds
  2 iguanas (D:5)
  3 orc wizards
  A mummy (D:3)
  3 gnolls (D:2)
  10 adders
  A shadow imp (D:5)
  A worm (D:2)
  5 dart slugs
  11 orcs
  8 endoplasms
  4 giant cockroaches
  4 hobgoblins
  5 jackals
  4 quokkas
  8 ball pythons
  2 bats (D:2)
  3 frilled lizards
  3 goblins
  12 kobolds
  4 rats
107 creatures vanquished.

Vanquished Creatures (others)
  300 foxfires
300 creatures vanquished.

Grand Total: 407 creatures vanquished

Notes
Turn   | Place    | Note
-------+----------+-------------------------------------------
     0 | D:5      | croobank the Octopode Delver began the quest for the Orb.
     0 | D:5      | Reached XP level 1. HP: 16/16 MP: 1/1
     1 | D:6      | Noticed a hound
    13 | D:6      | Noticed a jelly
    15 | D:6      | Killed a jelly
    16 | D:6      | Reached XP level 2. HP: 10/21 MP: 2/2
    16 | D:6      | Reached XP level 3. HP: 12/26 MP: 3/3
   253 | D:6      | Reached skill level 7 in Stealth
   414 | D:5      | Noticed a phantom
   432 | D:5      | Reached XP level 4. HP: 31/31 MP: 4/4
   613 | D:5      | Reached XP level 5. HP: 27/37 MP: 5/5
   823 | D:5      | Reached skill level 1 in Hexes
  1022 | D:6      | Reached skill level 1 in Spellcasting
  1107 | D:4      | Learned a level 3 spell: Tukima's Dance
  1203 | D:3      | Found a transporter.
  1241 | D:3      | Identified the +1 leather armour of the Blizzard {Str+5}
  1272 | D:3      | Found a transporter.
  1506 | D:3      | Reached XP level 6. HP: 23/43 MP: 7/7
  1770 | D:3      | Learned a level 1 spell: Foxfire
  2672 | D:1      | Found a faded altar of an unknown god.
  3369 | D:3      | Found a snail-covered altar of Cheibriados.
  4047 | D:2      | Reached skill level 1 in Conjurations
  5075 | D:3      | Learned a level 3 spell: Mephitic Cloud
  5866 | D:4      | Learned a level 1 spell: Magic Dart
  5999 | D:4      | Found a staircase to the Ecumenical Temple.
  6022 | D:4      | Reached skill level 1 in Fire Magic
  6022 | D:4      | Reached XP level 7. HP: 46/48 MP: 1/9
  6111 | D:4      | Reached skill level 8 in Stealth
  6239 | Temple   | Entered the Ecumenical Temple
  6261 | Temple   | Became a worshipper of Gozag Ym Sagoz the Greedy
  7350 | D:5      | Reached skill level 1 in Poison Magic
  7350 | D:5      | Reached XP level 8. HP: 38/54 MP: 8/11
  7544 | D:5      | HP: 2/54 [poisoned by a water moccasin]
  7549 | D:5      | Succumbed to a water moccasin's poison

Illustrated notes

Levels and vault maps discovered:
D:1:      tarquinn_simple_flora_water_d, layout_basic,
          hellmonk_ecumenical_altar_pennies_from_heaven,
          hangedman_decor_peaks_small
D:2:      layout_loops_ring, minmay_hexomino_c4
D:3:      gammafunk_wand_slinger, layout_basic, slow_altar_1
D:4:      layout_gridville, minmay_temple_entry_purple_smoke
D:5:      kennysheep_windowed_halls, layout_rooms
D:6:      layout_basic
Temple:   nicolae_temple_hex_pool

Skill      XL: |  1  2  3  4  5  6  7  8 |
---------------+-------------------------+-----
Stealth        | 7 8 |  8.3
Axes           | 3 4 |  4.1
Dodging        | 3 4 |  4.0
Hexes          | 1 |  1.3
Spellcasting   | 1 2 |  2.4
Fighting       | 4 |  4.7
Conjurations   | 1 2 |  2.1
Fire Magic     | 1 2 |  2.0
Poison Magic   | 1 |  1.1

Action                   |  1- 3 |  4- 6 |  7- 9 || total
-------------------------+-------+-------+-------++-------
Melee: Hand axe          |    10 |    36 |       ||    46
       Tentacles         |     3 |    26 |     6 ||    35
       Constrict         |     2 |    23 |     5 ||    30
       Quarterstaff      |       |    51 |    26 ||    77
       Punch             |       |     2 |     3 ||     5
 Cast: Foxfire           |       |   115 |    60 ||   175
       Magic Dart        |       |     3 |       ||     3
       Mephitic Cloud    |       |     1 |       ||     1
       Tukima's Dance    |       |     1 |       ||     1
  Use: Potion            |       |     1 |     3 ||     4
       Scroll            |       |    11 |     2 ||    13
 Stab: Sleeping          |     2 |    14 |     1 ||    17
Armor: Skin              |       |     2 |     1 ||     3
Dodge: Dodged            |     7 |    57 |    36 ||   100
